 Dungeon Crawl Stone Soup version 0.29.1-14-g9c671dbff4 (webtiles) character file.

Game seed: 10225447336725845403

27 Barneous the Firebug (level 3, -4/26 HPs)
             Began as a Human Wanderer on Feb 17, 2023.
             Slain by a worm (7 damage)
             ... on level 2 of the Dungeon.
             The game lasted 00:06:45 (2023 turns).

Barneous the Firebug (Human Wanderer)               Turns: 2023, Time: 00:06:46

Health: -4/26      AC:  4    Str:  9 (11) XL:     3   Next: 25%
Magic:  2/6        EV: 11    Int: 14 (15) God:
Gold:   85         SH:  3    Dex:  7 (10) Spells: 4/6 levels left

rFire   + . .      SeeInvis .   a - +0 dagger
rCold   x . .      Faith    .   d - +0 buckler
rNeg    . . .      Spirit   .   c - +2 robe
rPois   .          Reflect  .   (no helmet)
rElec   .          Harm     .   (no cloak)
rCorr   .          Rampage  .   (no gloves)
Will    .....                   (no boots)
Stlth   +.........              (no amulet)
HPRegen 0.08/turn               e - ring of wizardry
MPRegen 0.10/turn               f - ring of fire

@: no status effects
A: clumsy 1, MP-powered wands
a: no special abilities


You were on level 2 of the Dungeon.
You visited 1 branch of the dungeon, and saw 2 of its levels.

You collected 85 gold pieces.

Inventory:

Hand Weapons
 a - a +0 dagger (weapon)
Armour
 c - a +2 robe (worn)
 d - a +0 buckler (worn)
Jewellery
 e - a ring of wizardry (left hand)
 f - a ring of fire (right hand)
Scrolls
 b - 2 scrolls of teleportation


   Skills:
 + Level 1.3 Fighting
 + Level 0.4 Short Blades
 + Level 1.2 Dodging
 + Level 0.6 Stealth
 + Level 1.2 Shields
 + Level 2.1 Spellcasting
 + Level 0.5 Transmutations
 + Level 3.1 Fire Magic
 + Level 1.3 Poison Magic
 + Level 1.2 Evocations


You had 4 spell levels left.
You knew the following spells:

 Your Spells              Type           Power      Damage    Failure   Level
a - Sting                 Tmut/Pois      16%        1d3       9%          1
b - Foxfire               Conj/Fire      32%        2x1d5     6%          1

Your spell library contained the following spells:

 Spells                   Type           Power      Damage    Failure   Level
 Conjure Flame            Conj/Fire      8%         6-21      19%         3
 Inner Flame              Hex/Fire       8%         N/A       19%         3
 Spider Form              Tmut/Pois      4%         N/A       26%         3


Dungeon Overview and Level Annotations

Branches:
Dungeon (2/15)

Altars:


Innate Abilities, Weirdness & Mutations

You are clumsy. (Dex -2)
You expend magic power (3 MP) to strengthen your wands.


Message History

Your foxfire dissipates!
The foxfire hits the worm.
The worm is severely wounded.
Casting: Foxfire (safe; 6% risk of failure)
Confirm with . or Enter, or press ? or * to list all spells.
Aiming: Sting (safe; 9% risk of failure)
Press: ? - help, Shift-Dir - straight line, f - worm
Aim: a worm (severely wounded, 88% to hit)
The sting hits the worm.
The worm is poisoned.
The worm is severely wounded.
You hit the worm.
The worm is severely wounded.
You block the worm's attack.
Unknown command.
You hit the worm.
The worm is severely wounded.
You hit the worm.
The worm is almost dead.
The worm closely misses you.
You hit the worm but do no damage.
The worm is almost dead.
The worm bites you.
* * * LOW HITPOINT WARNING * * *
You hit the worm but do no damage.
The worm is severely wounded.
The worm looks more healthy.
You hit the worm.
The worm is almost dead.
The worm bites you.
* * * LOW HITPOINT WARNING * * *
You hit the worm.
The worm is almost dead.
You block the worm's attack.
You aren't carrying any potions.
You hit the worm but do no damage.
The worm is almost dead.
Casting: Sting (safe; 9% risk of failure)
Confirm with . or Enter, or press ? or * to list all spells.
You feel a surge of power!
You conjure some foxfire!
The worm bites you!
You die...

.. #. ..########.
##########............
#######..†.......#.#...####.
#.......>.########.>....###.
#.#######.# ##.......... #.#
#.# #........... #####.#
###.########<......##.
#.....#
#...w@v...............
#.###.#
#...##########......## #.#
#.# #...... .............#
#.# #.# #.......
######.#...## #.#
#...........# #.##.## #.#
#####.#...### #.##.# #.#
#.#...# #.##.# #.# # ...##
#.##.# #.# #.# ##.##.#


You could see a worm (ally target).

Vanquished Creatures
  6 ball pythons
  2 bats (D:1)
  An endoplasm (D:2)
  A giant cockroach (D:2)
  2 goblins (D:1)
  2 hobgoblins
  2 quokkas (D:1)
  A frilled lizard (D:1)
  4 kobolds
  3 rats
24 creatures vanquished.

Vanquished Creatures (others)
  19 foxfires (D:2)
19 creatures vanquished.

Grand Total: 43 creatures vanquished

Notes
Turn   | Place    | Note
-------+----------+-------------------------------------------
     0 | D:1      | Barneous the Human Wanderer began the quest for the Orb.
     0 | D:1      | Barneous set off with the following items: a +0 dagger, a
                  | scroll of teleportation, a +0 robe, a +0 buckler; and the
                  | following spells available to memorise: Foxfire, Sting,
                  | Conjure Flame, Inner Flame, Spider Form.
     0 | D:1      | Reached XP level 1. HP: 15/15 MP: 3/3
     2 | D:1      | Learned a level 1 spell: Sting
    87 | D:1      | Reached XP level 2. HP: 14/21 MP: 5/5
   257 | D:1      | Found a faded altar of an unknown god.
  1071 | D:1      | Gained mutation: Your body sometimes deteriorates upon
                  | taking damage. [potion of mutation]
  1071 | D:1      | Gained mutation: Your natural rate of healing is unusually
                  | fast. [potion of mutation]
  1072 | D:1      | Lost mutation: Your body sometimes deteriorates upon taking
                  | damage. [potion of mutation]
  1072 | D:1      | Lost mutation: Your natural rate of healing is unusually
                  | fast. [potion of mutation]
  1072 | D:1      | Gained mutation: You are clumsy. (Dex -2) [potion of
                  | mutation]
  1072 | D:1      | Gained mutation: You expend magic power (3 MP) to
                  | strengthen your wands. [potion of mutation]
  1177 | D:2      | Reached XP level 3. HP: 26/26 MP: 3/6
  1179 | D:2      | Learned a level 1 spell: Foxfire
  2023 | D:2      | Slain by a worm

Illustrated notes

Levels and vault maps discovered:
D:1:      dpeg_arrival_rooms_a, layout_rooms,
          shapermc_ecumenical_altar_totnotflames
D:2:      layout_loops_ring

Action                   || total
-------------------------++-------
Melee: Dagger            ||   109
 Cast: Sting             ||     9
       Foxfire           ||    12
  Use: Potion            ||     7
       Scroll            ||     7
 Stab: Sleeping          ||     1
Armor: Robe              ||    18
Dodge: Dodged            ||    42
Block: Buckler           ||    17
